 Dungeon Crawl Stone Soup version 0.32-a0-422-g28b100f618 (webtiles) character file.

Game seed: 14668453467726539457

12 rogue the Grave Robber (level 2, -1/19 HPs)
             Began as a Vampire Necromancer on Feb 21, 2024.
             Killed from afar by a dart slug (3 damage)
             ... with a slug dart
             ... on level 1 of the Dungeon.
             The game lasted 00:04:11 (242 turns).

rogue the Grave Robber (Vampire Necromancer)         Turns: 242, Time: 00:04:12

Health: -1/19      AC:  2    Str:  7    XL:     2   Next: 20%
Magic:  5/5        EV: 12    Int: 17    God:
Gold:   0          SH:  0    Dex: 14    Spells: 4/5 levels left

rFire   . . .        c - +0 club
rCold   . . .        (no shield)
rNeg    . . .        a - +0 robe
rPois   .            (no helmet)
rElec   .            (no cloak)
rCorr   .            (no gloves)
SInv    +            (no boots)
Will    .....        (no amulet)
Stlth   ++           (no ring)
HPRegen 0.43/turn    (no ring)
MPRegen 0.09/turn

%: no passive effects
@: healing quickly
A: alive, fangs 3, see invisible, vampiric 1
a: Exsanguinate


You were on level 1 of the Dungeon.
You visited 1 branch of the dungeon, and saw 1 of its levels.

Inventory:

Hand Weapons
 c - a +0 club (weapon)
Armour
 a - a +0 robe (worn)
Potions
 b - a potion of magic


   Skills:
 + Level 2.2 Dodging
 + Level 3.1 Stealth
 + Level 0.2 Unarmed Combat
 + Level 2.0 Spellcasting
 + Level 4.8 Necromancy


You had 4 spell levels left.
You knew the following spells:

 Your Spells              Type           Power      Damage    Failure   Level
a - Necrotise             Necr           72%        1d7       2%          1

Your spell library contained the following spells:

 Spells                   Type           Power      Damage    Failure   Level
 Vampiric Draining        Necr           18%        2d7       8%          3
 Animate Dead             Necr           18%        N/A       26%         4
 Static Discharge         Conj/Air       2%         3-4/arc   28%         2
 Airstrike                Air            0%         2d(1-17)  88%         4
 Summon Lightning Spire   Summ/Air       1%         N/A       88%         4
 Curse of Agony           Necr           18%        N/A       58%         5


Dungeon Overview and Level Annotations

Branches:
Dungeon (1/15)

Altars:


Innate Abilities, Weirdness & Mutations

Your natural rate of healing is accelerated.
You have razor-sharp teeth.
You have supernaturally acute eyesight. (SInv)
You are afflicted with vampirism.


Message History

* * * LOW HITPOINT WARNING * * *
You closely miss the bat. The bat hits you but does no damage.
The bat hits you.
* * * LOW HITPOINT WARNING * * *
The bat barely misses you.
You miss the bat. The bat hits you.
* * * LOW HITPOINT WARNING * * *
You hit the bat but do no damage. The bat closely misses you.
You hit the bat.
You kill the bat!
HP restored.
Found 16 gold pieces.
A dart slug and a gnoll come into view.
The gnoll shouts!
You hear a shout!
You hit the gnoll but do no damage. The gnoll closely misses you.
You hit the gnoll.
The gnoll is lightly wounded.
The gnoll hits you with a +0 club.
You barely miss the gnoll.
The gnoll is lightly wounded.
The gnoll misses you. x2
You hit the gnoll. You bite the gnoll, but do no damage.
The gnoll is lightly wounded.
The gnoll hits you with a +0 club!
You hit the gnoll but do no damage.
The gnoll is lightly wounded.
The gnoll barely misses you.
You hit the gnoll. You bite the gnoll.
The gnoll is severely wounded.
The gnoll hits you with a +0 club. The gnoll hits you with a +0 club!
* * * LOW HITPOINT WARNING * * *
You closely miss the gnoll.
The gnoll is severely wounded.
The gnoll barely misses you. The dart slug barely misses you.
You closely miss the gnoll.
The gnoll is severely wounded.
The gnoll misses you. The dart slug launches a dart at you.
The slug dart hits you.
You die...

###..##.......♣♣♣
#............♣♣♣♣
####.....##.........
##....###.#####......
. ###..#......#
####...
..#####...##...####
#### ..............##
...........#w##
..........#g@#
..###.#..##.##
...#.###.# #.# #.#
#.# ... w.. ..$ ...
........ .. ........
#........ #.........


You could see a gnoll and a dart slug.

Vanquished Creatures
  2 dart slugs (D:1)
  A bat (D:1)
  A hobgoblin (D:1)
  A rat (D:1)
5 creatures vanquished.

Notes
Turn   | Place    | Note
-------+----------+-------------------------------------------
     0 | D:1      | rogue the Vampire Necromancer began the quest for the Orb.
     0 | D:1      | Reached XP level 1. HP: 13/13 MP: 3/3
   134 | D:1      | Reached XP level 2. HP: 2/19 MP: 5/5
   242 | D:1      | Killed from afar by a dart slug

Illustrated notes

Levels and vault maps discovered:
D:1:      kilobyte_arrival_exit_the_forest, layout_rooms

Action                     || total
---------------------------++-------
  Melee: Unarmed           ||    29
         Bite              ||     9
         Club              ||    17
 Armour: Robe              ||    26
  Dodge: Dodged            ||    37

Table legend: (Time is in decaauts)
 A = Elapsed time spent in this place.
 B = Non-inter-level travel time spent in this place.
 C = Inter-level travel time spent in this place.
 D = Time resting spent in this place.
 E = Time spent auto-exploring this place.
 F = Levels seen in this place.
 G = Mean time per level.
                   A        B        C        D        E       F      G
               +--------+--------+--------+--------+--------+-----+--------+
         Total |    247 |    115 |    132 |      0 |      0 |   1 |  247.0 |
       Dungeon |    247 |    115 |    132 |      0 |      0 |   1 |  247.0 |
               +--------+--------+--------+--------+--------+-----+--------+

Top non-repeatable levels by time:
     D:1: 247 daAuts
